 Dungeon Crawl Stone Soup version 0.28.0-53-g5a82cb258f (webtiles) character file.

Game seed: 10280606716575079002

1220 Gabide the Slicer (level 8, -4/36 HPs)
             Began as a Vine Stalker Enchanter on May 30, 2022.
             Killed from afar by Dowan (15 damage)
             ... with a shard of ice
             ... on level 5 of the Dungeon.
             The game lasted 00:16:32 (4558 turns).

Gabide the Slicer (Vine Stalker Enchanter)          Turns: 4558, Time: 00:16:33

Health: -4/36      AC:  6    Str: 12    XL:     8   Next: 47%
Magic:  0/12       EV: 12    Int: 15    God:
Gold:   316        SH:  0    Dex: 16    Spells: 3/11 levels left

rFire   . . .      SeeInvis .   a - +1 dagger
rCold   . . .      Faith    .   (no shield)
rNeg    . . .      Spirit   +   b - +0 robe
rPois   .          Reflect  .   (no helmet)
rElec   .          Harm     .   u - +0 cloak
rCorr   .          Rampage  .   k - +0 pair of gloves
Will    +....                   p - +1 pair of boots {Stlth+}
Stlth   ++++......              i - amulet of regeneration
HPRegen 1.72/turn               (no ring)
MPRegen 0.13/turn               (no ring)

@: no status effects
A: fangs 3, regeneration 1, magic shield, antimagic bite, no potion heal 2
a: no special abilities


You were on level 5 of the Dungeon.
You visited 1 branch of the dungeon, and saw 5 of its levels.

You collected 316 gold pieces.

Inventory:

Hand Weapons
 a - a +1 dagger (weapon)
Missiles
 r - 2 poisoned darts (quivered)
 w - a throwing net
Armour
 b - a +0 robe (worn)
 k - a +0 pair of gloves (worn)
 p - a +1 pair of boots of stealth (worn)
 u - a +0 cloak (worn)
Jewellery
 i - an amulet of regeneration (around neck)
Scrolls
 d - 2 scrolls of teleportation {unknown}
 f - 2 scrolls of silence
 g - a scroll of brand weapon {unknown}
 h - a scroll of fog
 n - a scroll of magic mapping
 o - a scroll of fear {unknown}
 s - a scroll of acquirement {unknown}
Potions
 c - a potion of invisibility
 j - a potion of ambrosia
 l - 5 potions of curing
 m - 2 potions of heal wounds {unknown}
 t - a potion of attraction {unknown}
 v - a potion of haste {unknown}


   Skills:
 + Level 9.1 Short Blades
 - Level 1.5 Dodging
 - Level 3.6 Stealth
 - Level 2.1 Spellcasting
 - Level 3.0 Hexes


You had 3 spell levels left.
You knew the following spells:

 Your Spells              Type           Power      Damage    Failure   Level
a - Ensorcelled Hibernat  Hex/Ice        12%        N/A       19%         2
b - Confusing Touch       Hex            10%        N/A       19%         3
c - Tukima's Dance        Hex            10%        N/A       19%         3

Your spell library contained the following spells:

 Spells                   Type           Power      Damage    Failure   Level
 Shock                    Conj/Air       4%         1d3       22%         1
 Dazzling Flash           Conj/Hex       12%        N/A       34%         3
 Swiftness                Air            1%         N/A       54%         3
 Airstrike                Air            0%         N/A       91%         4


Dungeon Overview and Level Annotations

Branches:
Dungeon (5/15)
 Temple: D:4-7

Altars:

Annotations:
D:5 Dowan


Innate Abilities, Weirdness & Mutations

You have razor-sharp teeth.
Your natural rate of healing is unusually fast.
When hurt, damage is shared between your health and your magic reserves.
Your bite disrupts and absorbs the magic of your enemies.
Potions cannot restore your health.


Message History

You catch the helpless Duvessa completely off-guard!
You impale Duvessa!!
Duvessa is almost dead.
Dowan says, "My weaknesses are her strengths!"
Throw: 3 darts (poison)
Press: ? - help, Q - select action, (/) - cycle Shift-Dir - straight line, f/p - Duvessa
Aim: Duvessa, wearing a +0 scale mail (almost dead, fast, confused, very poisoned, slow, 82% to hit)
You throw a poisoned dart. The poisoned dart hits Duvessa.
Duvessa looks even sicker.
Duvessa is almost dead.
You kill Duvessa!
Dowan's eyes darken. "You have made a black mistake."
Dowan seems to find hidden reserves of power!
Your Short Blades skill increases to level 9!
You can't go up here!
Unknown command.
Casting: Confusing Touch (quite dangerous; 19% risk of failure)
Confirm with . or Enter, or press ? or * to list all spells.
The spell is quite dangerous to miscast (19% risk of failure)!
Continue anyway?
Aiming: Tukima's Dance (quite dangerous; 19% risk of failure)
Press: ? - help, Shift-Dir - straight line, f - ogre
Aim: an ogre, wielding a +0 giant club (chance to affect: 44%)
The ogre resists with some effort.
Dowan mumbles some strange words.
Dowan blinks!
The ogre hits you with a +0 giant club!!
Ouch! That really hurt!
* * * LOW HITPOINT WARNING * * *
Okay, then.
Blink to where?
Press: ? - help, Dir - move target
Found a stone staircase leading down and a stone staircase leading up.
As you read the scroll of blinking, it crumbles to dust.
Dowan says, "How can I live without her?"
Dowan casts a spell at you. The stone arrow hits you!
* * * LOW HITPOINT WARNING * * *
Dowan casts a spell at you. The shard of ice hits you!
You die...

......#.###..#...#.###
(...#.#.##..†..........
.##.#.#.##..........##.
.##.#....#..........#
.##.###.##..........##
......................
#######...#'##.#...###.
# ##...#.#.##.#...# #
#..§...#.##..@..# #
##'#...O.e......#
#.§..#.......>......
#.[..#.##.#.#..#####
#....#.##.#<#..# #.....
........#
#....#.##.####.# #
#......... .# #
#.(.......


You could see an ogre and Dowan (fast).

Vanquished Creatures
  Duvessa (D:5)
  2 ice beasts
  3 ogres (D:5)
  A centaur (D:5)
  A phantom (D:5)
  A scorpion (D:4)
  A howler monkey (D:5)
  Crazy Yiuf (D:5)
  A gnoll shaman (D:5)
  An iguana (D:5)
  Natasha (thrice) (D:3)
  An orc wizard (D:2)
  9 gnolls
  6 adders
  A white imp (D:5)
  An ufetubus (D:5)
  3 adder skeletons
  A dart slug (D:1)
  2 worms
  5 orcs
  5 endoplasms
  2 giant cockroaches
  3 hobgoblins
  7 jackals (D:2)
  7 ball pythons
  5 bats
  2 frilled lizards
  5 goblins
  5 kobolds
  2 rats
88 creatures vanquished.

Vanquished Creatures (collateral kills)
  A gnoll (D:5)
1 creature vanquished.

Vanquished Creatures (others)
  2 dancing weapons (D:5)
2 creatures vanquished.

Grand Total: 91 creatures vanquished

Notes
Turn   | Place    | Note
-------+----------+-------------------------------------------
     0 | D:1      | Gabide the Vine Stalker Enchanter began the quest for the
                  | Orb.
     0 | D:1      | Reached XP level 1. HP: 9/9 MP: 4/4
    63 | D:1      | Reached skill level 1 in Short Blades
   146 | D:1      | Reached XP level 2. HP: 9/13 MP: 3/6
   313 | D:1      | Reached skill level 2 in Short Blades
   411 | D:1      | Learned a level 2 spell: Ensorcelled Hibernation
   937 | D:2      | Reached XP level 3. HP: 13/16 MP: 4/7
  1505 | D:2      | Reached skill level 3 in Short Blades
  1510 | D:2      | Gained mutation: Your natural rate of healing is unusually
                  | fast. [Vine Stalker growth]
  1510 | D:2      | Reached XP level 4. HP: 21/21 MP: 3/8
  2043 | D:2      | Reached skill level 4 in Short Blades
  2254 | D:3      | Reached XP level 5. HP: 24/24 MP: 4/9
  2545 | D:3      | Noticed Natasha
  2557 | D:3      | Killed Natasha
  2558 | D:3      | Reached skill level 5 in Short Blades
  2694 | D:3      | Noticed Natasha
  2700 | D:3      | Killed Natasha
  2825 | D:3      | Reached XP level 6. HP: 28/28 MP: 10/10
  2853 | D:3      | Noticed Natasha
  2865 | D:3      | Killed Natasha
  3332 | D:4      | Noticed an ice beast
  3338 | D:4      | Learned a level 3 spell: Confusing Touch
  3342 | D:4      | Learned a level 3 spell: Tukima's Dance
  3377 | D:4      | Killed an ice beast
  3378 | D:4      | Reached skill level 6 in Short Blades
  3813 | D:5      | Entered Level 5 of the Dungeon
  3838 | D:5      | Reached XP level 7. HP: 32/32 MP: 6/11
  4005 | D:5      | Reached skill level 7 in Short Blades
  4171 | D:5      | Reached skill level 8 in Short Blades
  4171 | D:5      | Gained mutation: You have razor-sharp teeth. [Vine Stalker
                  | growth]
  4171 | D:5      | Reached XP level 8. HP: 25/36 MP: 6/12
  4506 | D:5      | Found a runed translucent door.
  4507 | D:5      | Noticed Crazy Yiuf
  4514 | D:5      | Killed Crazy Yiuf
  4539 | D:5      | Noticed Duvessa
  4540 | D:5      | Noticed Dowan
  4552 | D:5      | Killed Duvessa
  4553 | D:5      | Reached skill level 9 in Short Blades
  4558 | D:5      | Killed from afar by Dowan

Illustrated notes

Levels and vault maps discovered:
D:1:      evilmike_arrival_grusome_pit, layout_loops_ring,
          minmay_shallow_snake_nest
D:2:      layout_loops_ring, st_stairs_13
D:3:      layout_loops_ring, uniq_natasha
D:4:      layout_gridville, st_stairs_13
D:5:      layout_basic, uniq_sigmund, uniq_crazy_yiuf_cottage, uniq_duvessa

Skill      XL: |  1  2  3  4  5  6  7  8 |
---------------+-------------------------+-----
Short Blades   | 1 2 3 4 5 6 8 9 |  9.1
Dodging        | |  1.5
Stealth        | |  3.6
Spellcasting   | |  2.1
Hexes          | |  3.0

Action                   |  1- 3 |  4- 6 |  7- 9 || total
-------------------------+-------+-------+-------++-------
Melee: Dagger            |    62 |    92 |   123 ||   277
       Bite              |    15 |    17 |    34 ||    66
Throw: Dart              |     6 |    17 |    14 ||    37
 Cast: Ensorcelled Hiber |     5 |    23 |     8 ||    36
       Confusing Touch   |       |     2 |     2 ||     4
       Tukima's Dance    |       |       |     4 ||     4
  Use: Scroll            |     1 |     4 |     2 ||     7
 Stab: Sleeping          |     9 |    14 |     6 ||    29
       Confused          |       |     2 |     2 ||     4
       Distracted        |       |     1 |       ||     1
Armor: Robe              |    18 |    15 |    48 ||    81
Dodge: Dodged            |    40 |    50 |   110 ||   200
